 Dungeon Crawl Stone Soup version 0.22-a0-480-g991dd4b2b4 (webtiles) character file.

571057 Oravi the Ruinous (level 26, -18/170 HPs)
             Began as a Tengu Air Elementalist on June 12, 2018.
             Was the Champion of Vehumet.
             Demolished by a death cob (29 damage)
             ... on level 1 of the Realm of Zot on June 15, 2018.
             The game lasted 12:48:47 (105988 turns).

Oravi the Ruinous (Tengu Air Elementalist)        Turns: 105988, Time: 12:48:47

Health: -18/170    AC: 12    Str: 10    XL:     26   Next: 97%
Magic:  11/47      EV: 23    Int: 35    God:    Vehumet [******]
Gold:   2970       SH: 24    Dex: 13    Spells: 5/64 levels left

rFire    + . .     SeeInvis +   b - staff of conjuration
rCold    x . .     Gourm    .   L - +3 large shield of the Sixty-Six Princes {rCorr Int+4 Dex-2 SInv}
rNeg     + + +     Faith    .   e - +2 leather armour of the Saviour {rElec Int+2 Stlth+}
rPois    +         Spirit   .   T - +1 hat
rElec    +         Reflect  +   W - +2 cloak {MR+}
rCorr    +         Harm     .   N - +1 pair of gloves {Str+3}
MR       +++..                  (boots unavailable)
Stlth    ++++......             V - amulet "Mufojiffim" {Reflect rElec MR+ SH+2}
HPRegen  0.38/turn              k - +4 ring of intelligence
MPRegen  0.30/turn              U - ring of Due Proportion {Fire +Fly rPois rN+++ Str-4}

@: flying quickly and evasively, very slightly contaminated, slowed, studying
Conjurations, very slow
A: beak, talons 3, able to fly 2
}: 3/15 runes: barnacled, slimy, gossamer
a: Stop Flying, Renounce Religion


You were on level 1 of the Realm of Zot.
You worshipped Vehumet.
Vehumet was exalted by your worship.
You were not hungry.

You visited 11 branches of the dungeon, and saw 51 of its levels.
You also visited: Sewer.

You collected 6773 gold pieces.
You spent 3803 gold pieces at shops.

Inventory:

Hand Weapons
 f - a +0 war axe of freezing
 B - a +3 war axe of flaming
 J - a +0 blowgun
 P - the +4 war axe of the Endless Expanse {venom, *Corrode +Blink SInv Stlth+}
   (You found it on level 10 of the Dungeon)

   It poisons the flesh of those it strikes.
   It lets you see invisible.
   It lets you blink.
   It may corrode you when you take damage.
   It makes you more stealthy.
Missiles
 a - 6 needles of paralysis
 g - 8 needles of confusion
 v - 2 poisoned needles
 E - 5 needles of frenzy
 Q - 8 curare-tipped needles
Armour
 e - the +2 leather armour of the Saviour (worn) {rElec Int+2 Stlth+}
   (You took it off a deep elf archer on level 3 of the Elven Halls)

   It affects your intelligence (+2).
   It insulates you from electricity.
   It makes you more stealthy.
 i - +0 ice dragon scales
 F - a +2 robe of the Archmagi
 I - a +5 shield of positive energy
 L - the +3 large shield of the Sixty-Six Princes (worn) {rCorr Int+4 Dex-2 SInv}
   (You acquired it on level 4 of the Depths)

   It affects your intelligence (+4).
   It affects your dexterity (-2).
   It lets you see invisible.
   It protects you from acid and corrosion.
 N - a +1 pair of gloves of strength (worn)
 O - a scarf of cloud immunity
 T - a +1 hat (worn)
 W - a +2 cloak of magic resistance (worn)
Magical Staves
 b - an uncursed staff of conjuration (weapon)
Jewellery
 k - a +4 ring of intelligence (left hand)
 u - the ring "Vyjif" {rN+ MP+9 Str+5}
   (You took it off a deep elf high priest on level 2 of the Depths)

   [ring of strength]

   It affects your strength (+5).
   It protects you from negative energy.
   It affects your magic capacity (+9).
 w - a +6 ring of strength
 x - a cursed -3 ring of protection
 U - the ring of Due Proportion (right hand) {Fire +Fly rPois rN+++ Str-4}
   (You acquired it on level 2 of the Orcish Mines)

   [ring of fire]

   It enhances your fire magic.
   It affects your strength (-4).
   It protects you from fire.
   It makes you vulnerable to cold.
   It protects you from poison.
   It renders you almost immune to negative energy.
   It lets you fly.
 V - the amulet "Mufojiffim" (around neck) {Reflect rElec MR+ SH+2}
   (You bought it in a shop on level 1 of the Shoals)

   [amulet of reflection]

   It shields you and reflects attacks.
   It insulates you from electricity.
   It affects your resistance to hostile enchantments.
   It affects your SH (+2).
 Z - the ring "Lockourph" {Ice Dex+5 SInv Stlth+}
   (You took it off an ogre mage on level 3 of the Depths)

   [ring of ice]

   It enhances your ice magic.
   It affects your dexterity (+5).
   It makes you vulnerable to fire.
   It protects you from cold.
   It lets you see invisible.
   It makes you more stealthy.
Wands
 r - a wand of digging (51)
Scrolls
 h - 13 scrolls of magic mapping
 n - 2 scrolls of enchant weapon
 o - 2 scrolls of fear
 s - 20 scrolls of remove curse
 y - 11 scrolls of teleportation
 G - 6 scrolls of silence
 H - 2 scrolls of blinking
 X - 10 scrolls of identify
 Y - 4 scrolls of fog
Potions
 j - 5 potions of brilliance
 l - 16 potions of curing
 m - 6 potions of invisibility
 p - 4 potions of berserk rage
 q - 5 potions of agility
 t - 6 potions of might
 C - 3 potions of haste
 D - 4 potions of cancellation
 M - 2 potions of resistance
 R - 8 potions of ambrosia
Books
 d - a manual of Conjurations
Comestibles
 c - 37 rations


   Skills:
 + Level 18.5 Fighting
 - Level 7.6 Axes
 - Level 6.9 Armour
 - Level 15.3 Dodging
 - Level 5.4 Stealth
 + Level 17.4 Shields
 + Level 19.9 Spellcasting
 + Level 24.0 Conjurations
 - Level 13.6 Fire Magic
 - Level 10.9 Ice Magic
 - Level 16.8 Air Magic
 + Level 1.0 Earth Magic


You had 5 spell levels left.
You knew the following spells:

 Your Spells              Type           Power        Failure   Level  Hunger
a - Bolt of Fire          Conj/Fire      #########.   1%          6    None
b - Throw Icicle          Conj/Ice       ########     0%          4    None
c - Lehudib's Crystal Sp  Conj/Erth      ########..   28%         8    ####...
d - Airstrike             Air            ########..   1%          4    None
e - Lightning Bolt        Conj/Air       ########..   0%          5    None
f - Mephitic Cloud        Conj/Pois/Air  ########     1%          3    None
g - Fireball              Conj/Fire      #########.   1%          5    None
h - Inner Flame           Hex/Fire       #######.     1%          3    None
i - Swiftness             Chrm/Air       #######.     1%          2    None
j - Conjure Ball Lightni  Conj/Air       ########..   1%          6    None
k - Bolt of Cold          Conj/Ice       ########..   1%          6    None
l - Iskenderun's Battles  Conj/Chrm      ########     1%          5    None
m - Blink                 Tloc           N/A          4%          2    None

Your spell library contained the following spells:

 Spells                   Type           Power        Failure   Level  Hunger
 Cause Fear               Hex            ####......   30%         4    None
 Magic Dart               Conj           ####         0%          1    None
 Conjure Flame            Conj/Fire      ########     0%          3    None
 Bolt of Magma            Conj/Fire/Erth ########..   1%          5    None
 Confuse                  Hex            ####....     10%         3    None
 Throw Flame              Conj/Fire      ######       0%          2    None
 Throw Frost              Conj/Ice       ######       0%          2    None
 Ring of Flames           Chrm/Fire      #######...   85%         7    #......
 Venom Bolt               Conj/Pois      ########..   1%          5    None
 Olgreb's Toxic Radiance  Pois           ####....     9%          4    None
 Teleport Other           Tloc           ####....     10%         3    None
 Bolt of Draining         Conj/Necr      ########..   1%          5    None
 Iskenderun's Mystic Bla  Conj           ########     0%          4    None
 Animate Dead             Necr           N/A          30%         4    None
 Pain                     Necr           ####         3%          1    None
 Freeze                   Ice            ####         1%          1    None
 Sticky Flame             Conj/Fire      ########     0%          4    None
 Summon Ice Beast         Ice/Summ       ######..     3%          4    None
 Ozocubu's Armour         Chrm/Ice       ######..     1%          3    None
 Sting                    Conj/Pois      ####         0%          1    None
 Iron Shot                Conj/Erth      ########..   1%          6    None
 Shock                    Conj/Air       ####         0%          1    None
 Recall                   Summ/Tloc      N/A          10%         3    None
 Ice Form                 Ice/Tmut       ######..     3%          4    None
 Dragon Form              Tmut           ####......   100%        7    #......
 Death Channel            Necr           ####......   99%         6    None
 Confusing Touch          Hex            ####..       3%          1    None
 Flame Tongue             Conj/Fire      #####        0%          1    None
 Passwall                 Tmut/Erth      #####...     3%          2    None
 Ignite Poison            Fire/Tmut/Pois #######.     1%          3    None
 Call Canine Familiar     Summ           ####....     10%         3    None
 Ensorcelled Hibernation  Hex/Ice        ######       1%          2    None
 Metabolic Englaciation   Hex/Ice        ######....   9%          5    None
 Summon Butterflies       Summ           ####....     3%          1    None
 Static Discharge         Conj/Air       ########     0%          3    None
 Sandblast                Erth           #####.       1%          1    None
 Simulacrum               Ice/Necr       ######....   45%         6    None
 Petrify                  Tmut/Erth      #####...     24%         4    None
 Passage of Golubria      Tloc           N/A          30%         4    None
 Orb of Destruction       Conj           ########..   1%          7    #......
 Summon Hydra             Summ           ####......   100%        7    #......
 Shroud of Golubria       Chrm/Tloc      ####......   4%          2    None
 Beastly Appendage        Tmut           ####..       3%          1    None
 Fulminant Prism          Conj/Hex       ########..   1%          4    None
 Dazzling Spray           Conj/Hex       ######       1%          3    None
 Force Lance              Conj/Tloc      ########     1%          4    None
 Searing Ray              Conj           ######       0%          2    None
 Dragon's Call            Summ           ####......   100%        9    ######.
 Spellforged Servitor     Conj/Summ      ########..   5%          7    #......
 Summon Mana Viper        Hex/Summ       ####....     65%         5    None
 Gell's Gravitas          Tloc           ####......   10%         3    None
 Yara's Violent Unravell  Hex/Tmut       ####......   22%         5    None
 Lesser Beckoning         Tloc           ####......   10%         3    None
 Poisonous Vapours        Pois/Air       ######       1%          2    None
 Ignition                 Fire           ########..   19%         8    ####...
 Borgnjor's Vile Clutch   Necr/Erth      #####.....   56%         5    None


Dungeon Overview and Level Annotations

Branches:
Dungeon (15/15)            Temple (1/1) D:6            Lair (6/6) D:11
 Shoals (4/4) Lair:3       Spider (4/4) Lair:2        Slime (5/5) Lair:5
    Orc (2/2) D:9             Elf (3/3) Orc:2        Vaults (4/5) D:14
  Crypt (0/3) Vaults:3     Depths (5/5) D:15            Zot (2/5) Depths:5

Altars:
Ashenzari
Cheibriados
Dithmenos
Elyvilon
Fedhas
Gozag
Hepliaklqana
Kikubaaqudgha
Makhleb
Nemelex Xobeh
Okawaru
Qazlal
Ru
Sif Muna
Trog
Uskayaw
Vehumet
Wu Jian
Xom
Yredelemnul
Zin
The Shining One
Beogh
Jiyva
Lugonu

Shops:
D:7 *=%   D:9 }   D:13 (   Orc:2 =([*   Elf:2 **[:   Elf:3 %   Shoals:1 =
Depths:1 =}=*   Depths:4 =}}}

Portals:
Hell: Depths:1 Depths:2 Depths:3 Depths:4 Depths:5
Abyss: Depths:2 Depths:4
Pandemonium: Depths:3
Ziggurat: Depths:1
Trove: D:10 (give 19 scrolls of identify)

Annotations:
D:7 2 transporters
Slime:5 exclusion: upstairs
Zot:2 5 runed doors, exclusion: orb of fire


Innate Abilities, Weirdness & Mutations

You have a beak for a mouth.
You have claws for feet.
You can fly continuously.


Message History

Confirm with . or Enter, or press ? or * to list all spells.
You miscast Blink.
You are very lightly contaminated with residual magic.
The air around you crackles with energy!
You block the death cob's attack. The death cob completely misses you.
The death cob hits you!
* * * LOW HITPOINT WARNING * * *
The death cob hits you.
* * * LOW HITPOINT WARNING * * *
You feel better. You block the death cob's attack. The death cob misses you.
You block the death cob's attack.
You feel better. The death cob closely misses you. The death cob hits you!!
* * * LOW HITPOINT WARNING * * *
The death cob drains your vigour!
You feel as though you will be slow longer.
The death cob closely misses you. You block the death cob's attack.
You feel better. You block the death cob's attack.
The death cob hits you but does no damage.
The death cob hits you!!
You die...

##.........##
##...##..^.##
##...##....##
##...##....##
##...##....#######
##...##..##.....#.#
##...##..##.⌠#.....#
##...z.....##..##..###
##....@....##..###.##.#
##.........##..##......#
##.........##..###...#.##
##.........###### ####.##
##.........## ###
##.........##
##...##..#### ##...##..##
##...##..##


You could see a death cob.

Vanquished Creatures
  Dissolution (Slime:2)
  the Royal Jelly (Slime:5)
  3 juggernauts
  Mara (Vaults:2)
  Sojobo (Vaults:4)
  A Killer Klown (Zot:2)
  Nikola (Shoals:2)
  4 golden dragons
  Arachne (Spider:2)
  The ghost of BearFiend the Warrior, an adept MiBe of Trog (Slime:3)
  Jorgrun (Shoals:2)
  Rupert (D:12)
  2 tentacled monstrosities (Zot:2)
  4 liches
  3 deep elf blademasters
  2 deep elf master archers (Elf:3)
  3 titans
  27 acid blobs
  2 death cobs
  4 tengu reavers
  Donald (Vaults:1)
  4 shadow dragons
  A draconian monk (Depths:5)
  4 storm dragons
  Ilsuiw (Shoals:4)
  The ghost of sentientfungus the Blocker, an adept GnFi of Cheibriados (Depths:1)
  11 fire giants
  The ghost of Bikalo the Severer, an adept MiFi of Qazlal (Elf:2)
  12 azure jellies
  3 ghost moths
  6 vault wardens
  Aizul (Elf:2)
  8 frost giants
  6 deep elf sorcerers
  An iron dragon (Depths:2)
  5 emperor scorpions (Spider:4)
  3 draconian shifters
  A draconian stormcaller (Depths:5)
  2 orc warlords
  A caustic shrike zombie (D:15)
  A spriggan defender (Elf:3)
  A draconian annihilator (Zot:1)
  7 deep elf elementalists (Elf:3)
  7 ironheart preservers
  19 very ugly things
  4 green draconians
  5 deep elf demonologists (Elf:3)
  3 vampire knights
  A juggernaut zombie (D:15)
  8 entropy weavers
  5 spark wasps
  20 stone giants
  2 black draconians (Zot:1)
  4 yellow draconians
  4 white draconians
  Azrael (Spider:2)
  8 deep elf annihilators
  3 purple draconians
  16 ettins
  5 merfolk javelineers
  Snorg (D:14)
  11 death oozes
  9 fire dragons
  2 jiangshi (Depths:3)
  12 merfolk impalers
  6 yaktaur captains
  6 deep elf death magi
  6 deep elf high priests
  Josephine (D:13)
  5 ice dragons
  10 vault guards
  The ghost of hcgyg4s the Archer, a journeyman CeHu of Yredelemnul (D:11)
  18 great orbs of eyes
  11 hydras
  A spriggan air mage (Depths:4)
  7 rakshasas
  Harold (D:12)
  3 catoblepae (Lair:6)
  The ghost of Asanbosam the Thaumaturge, a journeyman GnWn of Cheibriados (D:11)
  6 merfolk aquamancers (Shoals:4)
  Erica (D:9)
  10 centaur warriors
  A catoblepas (shapeshifter) (D:10)
  A merfolk avatar (Shoals:4)
  17 ogre magi
  15 deep troll shamans
  An alligator snapping turtle (Shoals:4)
  52 two-headed ogres
  A queen ant (Spider:2)
  2 satyrs
  27 dancing weapons
  6 death yaks (Lair:6)
  8 death scarabs (Spider:4)
  4 orc high priests (Orc:2)
  8 tengu warriors
  3 vampire magi
  Urug (Lair:2)
  12 deep troll earth magi
  4 spriggan berserkers
  19 deep elf knights
  4 iron trolls
  A fire crab (shapeshifter) (Depths:3)
  21 hell knights
  2 skeletal warriors (D:15)
  10 sea snakes
  A salamander mystic (Depths:3)
  2 shadow wraiths
  3 glowing orange brains
  4 unseen horrors
  29 deep trolls
  2 flayed ghosts
  4 wizards
  Pikel (D:7)
  17 deep elf archers
  12 ironbrand convokers
  55 deep elf magi
  9 necromancers
  A spectral wolf spider (Spider:4)
  13 orc knights
  14 orb spiders
  31 wolf spiders
  6 cyclopes
  2 oklob plants (D:11)
  17 harpies
  A frost giant zombie (D:15)
  4 wolf spider zombies (Spider:4)
  15 fauns
  A stone giant zombie (D:15)
  8 shining eyes
  69 ugly things
  15 manticores
  3 orc sorcerers
  A faun (shapeshifter) (Depths:5)
  4 moths of wrath
  10 merfolk sirens
  4 salamanders (Depths:3)
  An iron dragon skeleton (Depths:2)
  A stone giant skeleton (Depths:2)
  5 black mambas
  5 water nymphs
  2 moths of wrath (shapeshifter)
  A frost giant skeleton (Depths:2)
  14 elephants
  A guardian serpent (shapeshifter) (Vaults:1)
  9 vault sentinels
  3 torpor snails
  The ghost of Blackbelt the Basher, a novice DgFi (D:6)
  16 spiny frogs
  3 eyes of devastation
  4 gargoyles
  A spiny frog (shapeshifter) (Vaults:4)
  An eye of devastation (shapeshifter) (Depths:4)
  4 rime drakes
  A centaur skeleton (D:14)
  35 yaktaurs
  12 demonic crawlers
  3 spectral redbacks (Spider:4)
  2 redback zombies
  A kobold demonologist (D:10)
  2 ice devils (Lair:6)
  6 freezing wraiths
  A komodo dragon (shapeshifter) (Vaults:3)
  6 komodo dragons
  34 merfolk
  4 tengu conjurers
  A jumping spider (shapeshifter) (Depths:4)
  31 jumping spiders
  5 polar bears
  13 trolls
  5 wind drakes
  Prince Ribbit (D:7)
  4 spectral jumping spiders (Spider:4)
  A hornet (shapeshifter) (Depths:1)
  3 jumping spider zombies (Spider:4)
  14 hippogriffs
  115 slime creatures
  10 dream sheep
  13 hornets
  9 snapping turtles
  3 hippogriffs (shapeshifter)
  7 blink frogs
  2 tarantella zombies (Spider:4)
  3 spectral tarantellas (Spider:4)
  A sphinx simulacrum (Vaults:2)
  A dream sheep (shapeshifter) (Depths:3)
  A stone giant simulacrum (Vaults:3)
  A fire giant simulacrum (Vaults:1)
  A spriggan skeleton (Depths:2)
  72 redbacks
  6 air elementals
  2 large abominations (Elf:1)
  14 water elementals
  2 spriggans (Depths:2)
  2 centaur simulacra (D:14)
  10 wraiths
  A shadow (D:13)
  2 vampires
  33 tarantellas
  70 yaks
  4 wyverns
  5 basilisks
  3 fire elementals
  9 golden eyes (Slime:5)
  2 humans (shapeshifter)
  A yak (shapeshifter) (Vaults:1)
  5 humans (D:10)
  8 vampire mosquitoes
  9 hungry ghosts
  2 acid dragons
  23 soldier ants (Spider:2)
  8 wargs
  2 floating eyes (shapeshifter)
  A water moccasin (shapeshifter) (Vaults:3)
  A hell hound (Spider:2)
  14 water moccasins
  5 porcupines
  A meliai simulacrum (D:14)
  2 spectral hornets (Spider:4)
  A sky beast (shapeshifter) (Depths:4)
  2 phantoms (D:11)
  7 sky beasts
  A slave (D:6)
  2 black bears
  6 eyes of draining
  A spriggan simulacrum (Depths:2)
  A necrophage (D:8)
  46 orc warriors
  A human zombie (Vaults:4)
  6 ice beasts
  An eye of draining (shapeshifter) (Depths:2)
  48 ogres
  6 boggarts
  19 centaurs
  14 crocodiles
  8 wolves
  3 human skeletons (Vaults:4)
  3 big kobolds
  23 bullfrogs
  An earth elemental (Elf:2)
  2 elf zombies (Elf:1)
  A bullfrog (shapeshifter) (Vaults:3)
  A gnoll sergeant (D:8)
  A wyvern skeleton (D:14)
  2 water moccasin skeletons
  4 scorpions
  2 human simulacra
  12 killer bees
  19 wights
  4 howler monkeys
  4 electric eels
  6 crimson imps
  6 centaur zombies
  A quasit (D:8)
  A wyvern simulacrum (D:14)
  6 hounds
  9 jellies
  11 orc priests
  3 bullfrog zombies
  A bullfrog skeleton (D:11)
  An iron imp (D:4)
  31 worker ants
  2 iguanas (D:4)
  26 orc wizards
  A hound zombie (D:5)
  A hound skeleton (D:8)
  A worker ant zombie (D:6)
  7 gnolls
  A howler monkey skeleton (D:6)
  12 adders
  A shadow imp (D:7)
  2 white imps (D:14)
  2 ufetubi (D:14)
  4 oozes
  An adder skeleton (D:7)
  7 worms
  2 dart slugs
  5 leopard geckos
  78 orcs
  10 giant cockroaches
  17 hobgoblins
  3 jackals (D:9)
  3 quokkas
  5 ball pythons
  10 bats
  6 frilled lizards
  18 goblins
  A jackal skeleton (D:3)
  A jackal zombie (D:5)
  45 kobolds
  2 quokka zombies
  15 rats
  A bush (Lair:5)
  A fungus (Lair:6)
  8 plants
2338 creatures vanquished.

Vanquished Creatures (others)
  A stone giant (Depths:1)
  A merfolk javelineer (Shoals:4)
  2 centaur warriors
  15 ball lightnings
  A hell knight (Depths:2)
  A cyclops (Shoals:4)
  3 fauns (Shoals:2)
  A yaktaur (Depths:1)
  2 merfolk (Shoals:4)
  A hungry ghost (D:7)
  A slave (D:7)
  17 fungi
  45 plants
  5 withered plants (D:15)
96 creatures vanquished.

Grand Total: 2434 creatures vanquished

Notes
Turn   | Place    | Note
-------+----------+-------------------------------------------
     0 | D:1      | Oravi the Tengu Air Elementalist began the quest for the Orb.
     0 | D:1      | Reached XP level 1. HP: 10/10 MP: 4/4
   150 | D:1      | Reached skill level 2 in Conjurations
   164 | D:1      | Reached XP level 2. HP: 15/15 MP: 3/6
   172 | D:1      | Learned a level 2 spell: Swiftness
   668 | D:1      | Reached XP level 3. HP: 17/19 MP: 1/7
   673 | D:1      | Learned a level 3 spell: Static Discharge
   767 | D:1      | Found a glowing golden altar of the Shining One.
   769 | D:1      | Reached skill level 3 in Conjurations
   950 | D:2      | Reached skill level 5 in Air Magic
  1272 | D:2      | Reached XP level 4. HP: 18/24 MP: 1/8
  1493 | D:2      | Found a glowing golden altar of the Shining One.
  1714 | D:2      | Noticed an ice beast
  1755 | D:1      | Reached skill level 4 in Conjurations
  2444 | D:3      | Found a hide-covered altar of Uskayaw.
  2445 | D:3      | Noticed a dagger
  2445 | D:3      | Noticed a dagger
  2463 | D:3      | Gained mutation: You can fly. [Tengu growth]
  2463 | D:3      | Reached XP level 5. HP: 28/28 MP: 7/9
  2464 | D:3      | Found a shimmering altar of Xom.
  2464 | D:3      | Found a glowing silver altar of Zin.
  2465 | D:3      | Noticed an angel
  2893 | D:3      | Reached skill level 5 in Conjurations
  3138 | D:4      | Reached XP level 6. HP: 27/32 MP: 3/10
  3383 | D:4      | Found a glowing drain.
  3397 | Sewer    | Entered a sewer
  4185 | D:4      | Found a snail-covered altar of Cheibriados.
  4297 | D:4      | Noticed an ice beast
  4303 | D:4      | Killed an ice beast
  4303 | D:4      | Reached skill level 6 in Conjurations
  4578 | D:4      | Reached XP level 7. HP: 36/36 MP: 3/11
  4701 | D:5      | Entered Level 5 of the Dungeon
  5964 | D:5      | Reached XP level 8. HP: 34/41 MP: 6/12
  6009 | D:5      | Learned a level 4 spell: Airstrike
  6225 | D:5      | Reached skill level 5 in Dodging
  6225 | D:5      | Reached skill level 5 in Stealth
  6634 | D:6      | Found an iron altar of Okawaru.
  6702 | D:6      | Found a staircase to the Ecumenical Temple.
  6708 | Temple   | Entered the Ecumenical Temple
  6813 | Temple   | Became a worshipper of Vehumet
  7562 | D:6      | Noticed Blackbelt's ghost (novice DgFi)
  7628 | D:6      | Found a snail-covered altar of Cheibriados.
  7629 | D:6      | Found a bloodstained altar of Trog.
  7670 | D:6      | Reached XP level 9. HP: 44/45 MP: 13/13
  8380 | D:7      | Found Wathaig's Jewellery Shop.
  8436 | D:7      | Found a transporter.
  8761 | D:7      | Noticed Pikel
  9130 | D:7      | Found a hazy altar of Hepliaklqana.
  9304 | D:7      | Killed Pikel
  9304 | D:7      | Reached skill level 10 in Dodging
  9584 | D:7      | Reached skill level 1 in Fighting
  9776 | D:7      | Reached * piety under Vehumet
  9776 | D:7      | Offered knowledge of Flame Tongue by Vehumet.
  9868 | D:7      | Found Fibry's General Store.
  9878 | D:7      | Found a transporter.
  9880 | D:7      | Noticed a kobold demonologist
  9961 | D:7      | Found Noutt's Food Shop.
 10018 | D:7      | Reached skill level 7 in Conjurations
 10208 | D:7      | Noticed Prince Ribbit
 10219 | D:7      | Killed Prince Ribbit
 10343 | D:7      | Reached XP level 10. HP: 46/53 MP: 6/15
 10600 | D:7      | Learned a level 5 spell: Lightning Bolt
 11021 | D:8      | Reached skill level 8 in Conjurations
 11266 | D:8      | Noticed a two-headed ogre
 11688 | D:7      | Killed a two-headed ogre
 11688 | D:7      | Reached skill level 9 in Conjurations
 12238 | D:8      | Offered knowledge of Freeze by Vehumet.
 12389 | D:8      | Reached ** piety under Vehumet
 12743 | D:9      | Found Xiurah's Gadget Shop.
 12757 | D:9      | Noticed Erica
 12883 | D:9      | Killed Erica
 12883 | D:9      | Reached skill level 10 in Conjurations
 12883 | D:9      | Reached XP level 11. HP: 62/62 MP: 7/19
 13084 | D:9      | Found a staircase to the Orcish Mines.
 13415 | D:9      | Reached skill level 10 in Air Magic
 13456 | D:9      | Reached skill level 5 in Spellcasting
 13903 | D:9      | Reached skill level 5 in Fighting
 14074 | D:9      | Identified the cursed +0 ring mail of Ashenzari's Regard {+Fly} (You took it off an orc on level 9 of the Dungeon)
 14228 | D:10     | Entered Level 10 of the Dungeon
 14243 | D:10     | Found a burning altar of Makhleb.
 14440 | D:10     | Found a portal to a secret trove of treasure.
 14469 | D:9      | Reached skill level 11 in Conjurations
 14797 | D:10     | Offered knowledge of Mephitic Cloud by Vehumet.
 14992 | D:9      | Learned a level 3 spell: Mephitic Cloud
 14997 | D:10     | Noticed a catoblepas
 15368 | D:10     | Killed a catoblepas
 15372 | D:9      | Reached *** piety under Vehumet
 15673 | D:10     | Killed an unseen horror
 15761 | D:10     | Got a twisted war axe
 15762 | D:10     | Identified the +4 war axe of the Endless Expanse {venom, *Corrode +Blink SInv Stlth+} (You found it on level 10 of the Dungeon)
 15941 | D:10     | Noticed an unseen horror
 15943 | D:10     | Killed an unseen horror
 15946 | D:10     | Noticed a tengu warrior
 15957 | D:10     | Killed a tengu warrior
 15957 | D:10     | Reached XP level 12. HP: 52/72 MP: 2/23
 16391 | D:11     | Noticed a five-headed hydra
 16457 | D:11     | Noticed a two-headed ogre
 16693 | D:11     | Killed a two-headed ogre
 16959 | D:11     | Learned a level 5 spell: Fireball
 17408 | D:10     | Reached skill level 1 in Fire Magic
 17482 | D:11     | Noticed hcgyg4s's ghost (journeyman CeHu)
 17699 | D:11     | Killed hcgyg4s's ghost
 17843 | D:11     | Noticed a two-headed ogre
 17851 | D:11     | Killed a two-headed ogre
 18002 | D:11     | Offered knowledge of Inner Flame by Vehumet.
 18075 | D:11     | Found Gan Geso's Food Shoppe.
 18096 | D:11     | Noticed a two-headed ogre
 18104 | D:11     | Killed a two-headed ogre
 18722 | D:11     | Killed a five-headed hydra
 18722 | D:11     | Reached skill level 5 in Fire Magic
 18930 | D:11     | Noticed Asanbosam's ghost (journeyman GnWn)
 19538 | D:6      | Found a staircase to the Ecumenical Temple.
 19547 | D:6      | Found an iron altar of Okawaru.
 19552 | D:6      | Found a snail-covered altar of Cheibriados.
 19601 | D:6      | Found a bloodstained altar of Trog.
 19643 | D:6      | Killed Blackbelt's ghost
 19866 | D:2      | Found a glowing golden altar of the Shining One.
 20391 | D:11     | Learned a level 3 spell: Inner Flame
 20646 | D:12     | Noticed Rupert
 20678 | D:12     | Killed Rupert
 20678 | D:12     | Reached XP level 13. HP: 76/76 MP: 9/27
 20862 | D:12     | Reached **** piety under Vehumet
 20955 | D:12     | Noticed Harold
 20994 | D:12     | Found a corrupted altar of Lugonu.
 21001 | D:12     | Identified Lugonu's Catalogue of Confrontation
 21571 | D:12     | Offered knowledge of Iskenderun's Mystic Blast by Vehumet.
 21802 | D:12     | Killed Harold
 21802 | D:12     | Reached skill level 10 in Spellcasting
 22266 | D:13     | Reached skill level 1 in Shields
 22426 | D:13     | Noticed Josephine
 22514 | D:13     | Killed Josephine
 23046 | D:13     | Found Taleen's Weapon Boutique.
 23931 | D:11     | Found a staircase to the Lair.
 24649 | Lair:1   | Entered Level 1 of the Lair of Beasts
 25665 | Lair:1   | Reached ***** piety under Vehumet
 26198 | Lair:2   | Offered knowledge of Spellforged Servitor by Vehumet.
 26351 | Lair:2   | Learned a level 4 spell: Throw Icicle
 27035 | Lair:2   | Noticed Urug
 27059 | Lair:2   | Killed Urug
 27061 | Lair:2   | Found a hole to the Spider Nest.
 27160 | Lair:2   | Gained mutation: You can fly continuously. [Tengu growth]
 27160 | Lair:2   | Reached XP level 14. HP: 78/84 MP: 18/29
 28133 | Lair:3   | Found a staircase to the Shoals.
 28718 | Lair:4   | Reached skill level 1 in Ice Magic
 30746 | Lair:5   | Found a viscous altar of Jiyva.
 30747 | Lair:5   | Found a staircase to the Slime Pits.
 31182 | D:11     | Identified 2 scrolls of acquirement
 31202 | D:11     | Got a pair of ancient gloves
 31213 | D:11     | Identified the +1 pair of gloves of Monos {rN+ rCorr MP-9} (You acquired it on level 11 of the Dungeon)
 31318 | Lair:6   | Entered Level 6 of the Lair of Beasts
 31886 | Lair:5   | Reached skill level 10 in Fighting
 31895 | Lair:6   | Offered knowledge of Iron Shot by Vehumet.
 32326 | Lair:6   | Reached XP level 15. HP: 92/92 MP: 4/31
 32899 | Lair:6   | Reached skill level 1 in Axes
 33856 | Lair:6   | Reached skill level 5 in Ice Magic
 34764 | D:11     | Killed Asanbosam's ghost
 35003 | D:14     | Offered knowledge of Poison Arrow by Vehumet.
 35026 | D:14     | Reached skill level 5 in Shields
 35857 | D:14     | Found a gate to the Vaults.
 36132 | D:14     | Reached skill level 5 in Axes
 36287 | D:14     | Noticed Snorg
 36299 | D:14     | Killed Snorg
 36299 | D:14     | Reached XP level 16. HP: 93/100 MP: 11/33
 37250 | D:15     | Entered Level 15 of the Dungeon
 37668 | D:15     | HP: 5/100 [caustic shrike zombie (21)]
 38625 | D:15     | Reached skill level 15 in Dodging
 39058 | D:15     | Found a glowing silver altar of Zin.
 39613 | D:15     | Found a staircase to the Depths.
 40477 | Orc:1    | Entered Level 1 of the Orcish Mines
 40479 | Orc:1    | Offered knowledge of Freezing Cloud by Vehumet.
 40649 | Orc:1    | Found a roughly hewn altar of Beogh.
 40936 | Orc:2    | Entered Level 2 of the Orcish Mines
 40936 | Orc:2    | Found a staircase to the Elven Halls.
 41177 | Orc:2    | Reached skill level 1 in Armour
 41660 | Orc:1    | Reached skill level 5 in Armour
 42213 | Orc:2    | Found Huet's Antique Weapon Shop.
 42442 | Orc:2    | Found Wakizephi's Jewellery Emporium.
 42573 | Orc:2    | Found Mumeh's General Store.
 42632 | Orc:2    | Found Woshric's Antique Armour Shoppe.
 42831 | Orc:2    | Bought a scroll of enchant armour for 105 gold pieces
 43097 | Orc:1    | Found a bloodstained altar of Trog.
 43400 | Orc:2    | Bought a scroll of acquirement for 728 gold pieces
 43401 | Orc:2    | Got a flickering jade ring
 43402 | Orc:2    | Identified the ring of Due Proportion {Fire +Fly rPois rN+++ Str-4} (You acquired it on level 2 of the Orcish Mines)
 43580 | Shoals:1 | Entered Level 1 of the Shoals
 43737 | Shoals:1 | Reached XP level 17. HP: 106/106 MP: 25/34
 44157 | Shoals:1 | Offered knowledge of Conjure Ball Lightning by Vehumet.
 44531 | Shoals:1 | Found Lathron's Jewellery Emporium.
 44548 | Shoals:1 | Bought the amulet "Mufojiffim" {Reflect rElec MR+ SH+2} for 325 gold pieces
 44558 | Shoals:1 | Learned a level 6 spell: Conjure Ball Lightning
 45704 | Shoals:2 | Noticed Jorgrun
 45710 | Shoals:2 | Killed Jorgrun
 46364 | Shoals:2 | Noticed Nikola
 46890 | Shoals:2 | Killed Nikola
 47256 | Shoals:3 | Reached skill level 10 in Shields
 48966 | Shoals:4 | Entered Level 4 of the Shoals
 48968 | Shoals:4 | Offered knowledge of Bolt of Cold by Vehumet.
 50228 | Shoals:4 | Reached XP level 18. HP: 104/112 MP: 13/36
 50568 | Shoals:4 | Learned a level 6 spell: Bolt of Cold
 50586 | Shoals:4 | Noticed Ilsuiw
 51584 | Shoals:4 | Killed Ilsuiw
 53601 | Shoals:4 | Got a barnacled rune of Zot
 53854 | Shoals:4 | Upgraded the game from 0.22-a0-469-gf26638a71f to 0.22-a0-475-g101988f953
 54331 | Spider:1 | Entered Level 1 of the Spider Nest
 55588 | Lair:2   | Offered knowledge of Ozocubu's Refrigeration by Vehumet.
 55771 | Spider:1 | Reached skill level 15 in Shields
 57310 | Spider:2 | Noticed Arachne
 57316 | Spider:2 | Killed Arachne
 57490 | Spider:2 | Noticed Azrael
 57495 | Spider:2 | Killed Azrael
 58126 | Spider:2 | Reached skill level 12 in Conjurations
 58446 | Spider:2 | Reached XP level 19. HP: 118/118 MP: 25/37
 60806 | Spider:3 | Reached ****** piety under Vehumet
 61592 | Spider:4 | Entered Level 4 of the Spider Nest
 61995 | Spider:4 | Offered knowledge of Lehudib's Crystal Spear by Vehumet.
 61995 | Spider:4 | Offered knowledge of Shatter by Vehumet.
 61995 | Spider:4 | Offered knowledge of Tornado by Vehumet.
 62000 | Spider:4 | Reached skill level 13 in Conjurations
 64386 | Spider:4 | Reached skill level 14 in Conjurations
 65482 | Spider:4 | Got a gossamer rune of Zot
 65899 | D:14     | Learned a level 6 spell: Bolt of Fire
 65901 | Vaults:1 | Entered Level 1 of the Vaults
 66137 | Vaults:1 | Reached skill level 15 in Conjurations
 66140 | Vaults:1 | Noticed Donald
 66268 | Vaults:1 | Killed Donald
 66268 | Vaults:1 | Reached skill level 15 in Spellcasting
 66534 | Vaults:1 | Reached XP level 20. HP: 124/124 MP: 30/40
 67766 | Vaults:1 | Reached skill level 16 in Conjurations
 69278 | Vaults:2 | Identified the +0 buckler of Cloud Cover {rPois Int+6 Dex+6} (You acquired it on level 2 of the Vaults)
 69631 | Vaults:2 | Noticed Mara
 70207 | Vaults:2 | Killed Mara
 70207 | Vaults:2 | Reached skill level 17 in Conjurations
 72846 | Vaults:3 | Reached XP level 21. HP: 130/130 MP: 20/42
 73047 | Vaults:3 | Found a staircase to the Crypt.
 73047 | Vaults:3 | Found an ancient bone altar of Kikubaaqudgha.
 73048 | Vaults:3 | Found a basalt altar of Yredelemnul.
 73080 | Vaults:3 | Reached skill level 18 in Conjurations
 74180 | Vaults:3 | Learned a level 5 spell: Iskenderun's Battlesphere
 74451 | Vaults:4 | Noticed Sojobo
 74457 | Vaults:4 | Killed Sojobo
 75348 | Vaults:4 | Reached skill level 19 in Conjurations
 76065 | Vaults:4 | Learned a level 2 spell: Blink
 76356 | Orc:2    | Bought a hat for 128 gold pieces
 76606 | Depths:1 | Entered Level 1 of the Depths
 76606 | Depths:1 | Noticed sentientfungus's ghost (adept GnFi)
 76610 | Depths:1 | Killed sentientfungus's ghost
 76931 | Depths:1 | Reached skill level 10 in Fire Magic
 77702 | Depths:1 | Found Coink's Demolitions Depot.
 77749 | Depths:1 | Reached XP level 22. HP: 139/139 MP: 35/44
 78066 | Depths:1 | Found a gateway to Hell.
 78075 | Depths:1 | Found Guupt's Jewellery Emporium.
 78076 | Depths:1 | Found Xewooneff's Gadget Shop.
 78078 | Depths:1 | Found Eppoifah's Jewellery Emporium.
 78154 | Depths:1 | Found a gateway to a ziggurat.
 78200 | Depths:1 | Reached skill level 15 in Fighting
 79375 | Depths:2 | Noticed a golden dragon
 79608 | Depths:2 | Killed a golden dragon
 80146 | Depths:2 | Got a clouded silver ring
 80147 | Depths:2 | Identified the ring "Vyjif" {rN+ MP+9 Str+5} (You took it off a deep elf high priest on level 2 of the Depths)
 80354 | Depths:2 | Found a one-way gate to the infinite horrors of the Abyss.
 80584 | Depths:2 | Reached skill level 20 in Conjurations
 80879 | Depths:2 | Found a snail-covered altar of Cheibriados.
 81162 | Depths:2 | Identified the +0 robe "Uxomoips" {rElec rF- Dex+3 Slay+4} (You took it off a deep elf high priest on level 2 of the Depths)
 81903 | Depths:3 | Noticed a juggernaut
 81908 | Depths:3 | Reached XP level 23. HP: 145/145 MP: 17/45
 81912 | Depths:3 | Killed a juggernaut
 82547 | Depths:3 | Found a one-way gate leading to the halls of Pandemonium.
 83197 | Depths:3 | Found the +6 arbalest "Damnation" {damnation}
 83468 | Depths:3 | Identified the ring "Lockourph" {Ice Dex+5 SInv Stlth+} (You took it off an ogre mage on level 3 of the Depths)
 83539 | Depths:3 | Noticed a juggernaut
 83545 | Depths:3 | Killed a juggernaut
 83839 | Depths:3 | Found the +5 scythe "Finisher" {speed, Str+3}
 84936 | Depths:4 | Found a shimmering altar of Xom.
 84995 | Depths:4 | Found Xaall's Jewellery Shop.
 84996 | Depths:4 | Found Qalup's Gadget Boutique.
 84996 | Depths:4 | Found Cojes's Gadget Shop.
 84999 | Depths:4 | Found Zaaz's Gadget Boutique.
 86440 | Depths:4 | Got a steaming large shield
 86441 | Depths:4 | Identified the +3 large shield of the Sixty-Six Princes {rCorr Int+4 Dex-2 SInv} (You acquired it on level 4 of the Depths)
 86489 | Depths:5 | Entered Level 5 of the Depths
 86489 | Depths:5 | Noticed a golden dragon
 86628 | Depths:4 | Reached XP level 24. HP: 48/152 MP: 29/46
 86979 | Depths:5 | Noticed a juggernaut
 86995 | Depths:4 | Killed a juggernaut
 86995 | Depths:4 | Reached skill level 21 in Conjurations
 87539 | Depths:5 | Got a vibrating platinum ring
 87540 | Depths:5 | Identified the ring "Moqailiarph" {Str+5 Dex+4} (You found it on level 5 of the Depths)
 87648 | Depths:5 | Found a gate to the Realm of Zot.
 88237 | Depths:5 | Found a sparkling altar of Nemelex Xobeh.
 89409 | Depths:5 | Found a sparkling altar of Nemelex Xobeh.
 89674 | Depths:5 | Found a gate to the Realm of Zot.
 90301 | Elf:1    | Entered Level 1 of the Elven Halls
 90840 | Elf:1    | Identified Kongug's Volume of Stolen Souls
 91875 | Elf:2    | Found Rubisus's Book Emporium.
 92043 | Elf:2    | Found a huge runed gate.
 92043 | Elf:2    | Found a huge runed gate.
 92043 | Elf:2    | Found a huge runed gate.
 92043 | Elf:2    | Found a huge runed gate.
 92045 | Elf:2    | Found a huge runed gate.
 92083 | Elf:2    | Noticed Aizul
 92089 | Elf:2    | Reached skill level 15 in Air Magic
 92092 | Elf:2    | Killed Aizul
 92175 | Elf:2    | Found Poohantysm's General Store.
 92176 | Elf:2    | Found Vopnutu's Assorted Antiques.
 92400 | Elf:2    | Found Pululoagh's Armour Emporium.
 92743 | Elf:2    | Reached XP level 25. HP: 160/160 MP: 8/46
 93006 | Elf:2    | Noticed Bikalo's ghost (adept MiFi)
 93047 | Elf:2    | Killed Bikalo's ghost
 94291 | Elf:3    | Entered Level 3 of the Elven Halls
 94868 | Elf:3    | Found Luufupor's Food Shoppe.
 95827 | Elf:2    | Found Rubisus's Book Emporium.
 96127 | Elf:3    | Reached skill level 10 in Ice Magic
 96882 | Elf:3    | Got a shimmering brass ring
 97034 | Elf:3    | Identified the Collected Works on Ashen Air
 97196 | Elf:3    | Identified the ring "Owalueg" {rPois rF- rN+ Dex+3} (You took it off a deep elf death mage on level 3 of the Elven Halls)
 97266 | Elf:3    | Identified the +2 leather armour of the Saviour {rElec Int+2 Stlth+} (You took it off a deep elf archer on level 3 of the Elven Halls)
 97300 | Elf:3    | Upgraded the game from 0.22-a0-475-g101988f953 to 0.22-a0-480-g991dd4b2b4
 97581 | Depths:1 | Bought a manual of Conjurations for 2097 gold pieces
 97994 | Slime:1  | Entered Level 1 of the Pits of Slime
 98566 | Slime:2  | Noticed Dissolution
 98570 | Slime:2  | Killed Dissolution
 99494 | Slime:3  | Reached skill level 22 in Conjurations
 99779 | Slime:3  | Reached XP level 26. HP: 157/167 MP: 41/47
100127 | Slime:3  | Noticed BearFiend's ghost (adept MiBe)
100133 | Slime:3  | Killed BearFiend's ghost
101121 | Slime:5  | Entered Level 5 of the Pits of Slime
102248 | Slime:5  | Reached skill level 23 in Conjurations
102614 | Slime:5  | Found a viscous altar of Jiyva.
102614 | Slime:5  | Noticed the Royal Jelly
102715 | Slime:5  | Killed the Royal Jelly
103505 | Slime:5  | Identified Ila Joef's Collected Works on Ignition
103508 | Slime:5  | Got a slimy rune of Zot
103529 | Slime:5  | Identified Cigotuvi's Grimoire of Shifting Stolen Souls
103531 | Slime:5  | Identified Jacip's Incunabulum of Ice and Attacks
103724 | Slime:5  | Identified the cursed +1 chain mail of Mumblety Peg {rElec MR- Regen+ rCorr} (You found it on level 5 of the Pits of Slime)
103958 | D:11     | Bought a ration for 60 gold pieces
103958 | D:11     | Bought a ration for 60 gold pieces
103958 | D:11     | Bought a ration for 60 gold pieces
103958 | D:11     | Bought a ration for 60 gold pieces
103958 | D:11     | Bought a ration for 60 gold pieces
103958 | D:11     | Bought a ration for 60 gold pieces
103958 | D:11     | Bought a ration for 60 gold pieces
104296 | Zot:1    | Entered Level 1 of the Realm of Zot
105149 | Zot:2    | Noticed an orb of fire
105719 | Zot:2    | Learned a level 8 spell: Lehudib's Crystal Spear
105951 | Zot:2    | Found a huge runed gate.
105951 | Zot:2    | Found a huge runed gate.
105951 | Zot:2    | Found a huge runed gate.
105951 | Zot:2    | Found a huge runed gate.
105953 | Zot:2    | Found a huge runed gate.
105970 | Zot:2    | Reached skill level 24 in Conjurations
105970 | Zot:2    | Reached skill level 1 in Earth Magic
105985 | Zot:1    | HP: 3/170 [death cob (7)]
105985 | Zot:1    | HP: 1/170 [death cob (2)]
105988 | Zot:1    | Demolished by a death cob

Vault maps used:
D:1:      matt_arrival_spirals, tso_metal_star
D:2:      cheibrodos_greedy_goblins, old_standard_altar, first_ration
D:3:      grunt_temple_overflow_order_and_chaos_1, dancing_weapons_uskayaw
D:4:      portal_sewer_entry_e, chei_slow_surprise
D:5:      minivault_26
D:6:      grunt_temple_overflow_open, minmay_temple_entry_hall
D:7:      gammafunk_wand_slinger, nicolae_overflow_crystal_walls, serial_shops,
          nicolae_shop_trees, nicolae_shop_trees, nicolae_shop_window_shopping,
          uniq_prince_ribbit1, uniq_pikel
D:9:      orc_0_dummy, serial_shops, kennysheep_mini_moat, uniq_erica
D:10:     minmay_tri_box, basic_altar, enter_trove_2, minmay_ruffians
D:11:     dpeg_oklobed_lair, serial_shops, nicolae_shop_waterfront
D:12:     grunt_ogre_cave, tgw_lugonu_bribe, uniq_rupert, uniq_harold
D:13:     serial_co_window_serial, co_window_corner_a, co_window_cross_1,
          co_window_corner_a, co_window_paths_a, co_window_paths_b,
          co_window_broadway_c, co_window_corner_ca, co_window_corner_ca,
          co_window_paths_c, co_window_of_opportunity_b, co_window_broadway_b,
          co_window_of_opportunity_c, glass_columns_b, glass_columns_a,
          glass_columns_a, glass_columns_a, glass_columns_a, serial_shops, shop,
          uniq_josephine
D:14:     erik_vaults_2, minmay_misc_feat_iff, serial_ice, serial_ice_k,
          serial_ice_f, serial_ice_d, serial_ice_b, abandoned_shop, uniq_snorg
D:15:     gammafunk_depths_entry_grave, minmay_misc_feat_rows, basic_altar,
          minmay_checkerbox
Temple:   minmay_temple_curvy_branch
Lair:1:   grunt_megastairs_2, serial_bayou_shore_b
Lair:2:   nicolae_spider_entry_non_spiders, lemuel_fruit_tree,
          serial_bayou_shore_b, infiniplex_staircase_pool, uniq_urug
Lair:3:   minmay_shoals_entry_lonely_mermaid, grunt_megastairs_4
Lair:5:   slime_altar_1
Lair:6:   evilmike_catoblepas_cave, portal_ice_cave_demonic_guard,
          enter_volcano_1, serial_bayou_shore_b
Shoals:1: serial_shops, nicolae_shop_statue_plus
Shoals:2: uniq_nikola, uniq_jorgrun
Shoals:4: shoals_end_grunt_ice, shoal_ilsuiw, nicolae_shoals_cliffside_cave
Spider:2: nicolae_spider_circle_web, zaba_anthell, uniq_arachne, uniq_azrael
Spider:4: floodkiller_spider_rune_tomb
Slime:2:  uniq_dissolution
Slime:3:  nicolae_slime_welcoming_committee
Orc:1:    basic_altar, bloody_trog
Orc:2:    grunt_orc_gardens, grunt_orc_garden, grunt_orc_garden,
          grunt_orc_garden, grunt_orc_garden
Elf:1:    minmay_elf_arrival_circle, mu_enter_wizlab_5, minmay_elf_necromancy
Elf:2:    serial_shops, shop, shop, shop, nicolae_shop_waterfront, uniq_aizul
Elf:3:    grunt_elf_hall_branching, serial_glass, glass_columns_c,
          glass_columns_c, serial_shops, shop_fountains, sword_in_stone
Vaults:1: serial_ice_m, vaults_standard_mumra_enter_the_diamond,
          vaults_mumra_minichess_inversion, v_rooms_4,
          hangedman_vaults_capsules, nicolae_vaults_border_crossing,
          grunt_vaults_hallway_short, vaults_dpeg_hooks, uniq_donald
Vaults:2: vaults_dpeg_spiral, hangedman_vaults_river_flow,
          nicolae_vaults_network_square, v_alt_pattern_5, hangedman_vaults_trim,
          nicolae_vaults_rhombus_5, v_misc_25, v_rooms_3, vaults_dpeg_ring,
          grunt_vaults_hallway_short, ontoclasm_vaults_chip, uniq_mara
Vaults:3: v_misc_10, grunt_vaults_bifocal, v_pattern_2,
          minmay_crypt_entry_necro_gods, v_misc_10, v_misc_1,
          vaults_dpeg_diagonal, nicolae_vaults_mini_display_case,
          nicolae_vaults_network_quinsquares, vaults_room_stairs_pillars,
          uniq_margery
Vaults:4: hangedman_vaults_variations, vaults_room_hallway, v_misc_24,
          hangedman_vaults_stream, v_rooms_1, v_misc_28, vaults_room_octagon,
          grunt_vaults_diagonal, ontoclasm_vaults_chip, v_rooms_6, uniq_sojobo
Depths:1: enter_ziggurat_f, minmay_misc_feat_ornament, hell_entry,
          interstate_on_off, roderic_lattice_a, minmay_misc_feat_five,
          nicolae_blasting_shop, serial_bayou_shore_b, minmay_shop_grove
Depths:2: hangedman_cross_cluster, abyss_entry, hell_entry, cheibriados_altar_1,
          st_stairs_9, kennysheep_generic_room_10,
          minmay_staircase_windowed_large
Depths:3: little_maze_vault, hell_entry, pan_entry, minmay_staircase_bubble
Depths:4: due_chaos_kobolds, abyss_entry, hell_entry, minmay_shoptagon,
          infiniplex_staircase_pool_2
Depths:5: grunt_zot_entry_tricorne, nemelex_xobeh_ov_fountains_minmay,
          hell_entry, serial_bayou_shore_a
Zot:1:    st_stairs_8
Zot:2:    lemuel_draconian_sentries, door_vault
Sewer:    kennysheep_pipe_town

Skill      XL: |  1  2  3  4  5  6  7  8  9 10 11 12 13 14 15 16 17 18 19 20 21 22 23 24 25 26 |
---------------+-------------------------------------------------------------------------------+-----
Conjurations   | 2 3 4 5 6 7 10 11 12 15 17 19 20 21 22 24 | 24.0
Air Magic      | 5 6 7 8 9 10 12 13 15 16 | 16.8
Dodging        | 4 8 10 11 12 13 14 15 | 15.3
Stealth        | 4 5 |  5.4
Fighting       | 2 4 7 8 10 11 12 13 14 15 16 17 18 | 18.5
Spellcasting   | 3 4 6 9 10 11 12 13 15 16 17 18 19 | 19.9
Fire Magic     | 7 9 10 11 12 13 | 13.6
Shields        | 4 6 7 12 15 16 17 | 17.4
Ice Magic      | 4 5 7 9 10 | 10.9
Axes           | 5 7 |  7.6
Armour         | 6 |  6.9
Earth Magic    | 1 |  1.0

Action                   |  1- 3 |  4- 6 |  7- 9 | 10-12 | 13-15 | 16-18 | 19-21 | 22-24 | 25-27 || total
-------------------------+-------+-------+-------+-------+-------+-------+-------+-------+-------++-------
Melee: Kick              |     3 |     5 |    16 |    21 |    77 |    50 |    27 |     7 |     4 ||   210
       Unarmed           |     1 |       |       |       |       |       |       |       |       ||     1
       Short sword       |    12 |    37 |       |       |       |       |       |       |       ||    49
       Peck              |     1 |     6 |    11 |    23 |    45 |    43 |    12 |     5 |     3 ||   149
       War axe           |       |       |    73 |    98 |   219 |   239 |    90 |    13 |    24 ||   756
       Mace              |       |       |     4 |       |       |       |       |       |       ||     4
       Staff             |       |       |       |       |     2 |     3 |     2 |     3 |     1 ||    11
Throw: Stone             |    14 |     8 |    24 |    41 |     2 |       |       |       |       ||    89
       Javelin           |       |       |       |    24 |    70 |    43 |    31 |     2 |       ||   170
       Tomahawk          |       |       |       |     5 |       |       |       |       |       ||     5
       Throwing net      |       |       |       |       |       |     2 |       |       |       ||     2
 Cast: Shock             |    73 |   147 |   182 |   333 |   295 |    62 |       |       |       ||  1092
       Static Discharge  |     2 |    20 |    23 |    92 |   104 |    39 |     7 |     2 |     4 ||   293
       Swiftness         |       |     2 |       |       |     1 |       |       |       |       ||     3
       Airstrike         |       |       |     7 |    25 |    21 |    61 |    36 |     7 |     9 ||   166
       Lightning Bolt    |       |       |       |    43 |   103 |   135 |    25 |    23 |     1 ||   330
       Mephitic Cloud    |       |       |       |    11 |    26 |    35 |     1 |       |       ||    73
       Fireball          |       |       |       |    13 |   155 |   258 |   177 |    54 |    66 ||   723
       Throw Icicle      |       |       |       |       |   114 |   244 |   100 |    10 |       ||   468
       Inner Flame       |       |       |       |       |     8 |       |       |       |       ||     8
       Conjure Ball Ligh |       |       |       |       |       |     5 |       |       |       ||     5
       Bolt of Cold      |       |       |       |       |       |    41 |    49 |    95 |     1 ||   186
       Bolt of Fire      |       |       |       |       |       |       |   300 |   398 |   358 ||  1056
       Iskenderun's Batt |       |       |       |       |       |       |    11 |   102 |    87 ||   200
       Blink             |       |       |       |       |       |       |     6 |    11 |    10 ||    27
 Abil: Fly               |       |       |       |       |     1 |       |       |       |       ||     1
  Use: Scroll            |     3 |       |     5 |    10 |    19 |    10 |     9 |    12 |     8 ||    76
       Potion            |       |       |     3 |       |     1 |    14 |     2 |       |     4 ||    24
 Stab: Sleeping          |       |     1 |       |     2 |       |       |       |       |       ||     3
       Confused          |       |       |       |       |       |     1 |       |       |       ||     1
       Invisible         |       |       |       |       |       |       |     1 |       |       ||     1
  Eat: Chunk             |     3 |    13 |    10 |    26 |    61 |    66 |    67 |    55 |     9 ||   310
       Ration            |       |       |     5 |     8 |     6 |    11 |    11 |     5 |     9 ||    55
Armor: Robe              |     5 |       |       |    49 |    49 |    65 |    23 |     6 |     3 ||   200
       Leather armour    |       |    16 |    27 |    13 |       |       |       |       |     7 ||    63
       Ice dragon scales |       |       |       |       |       |       |       |       |    21 ||    21
Dodge: Dodged            |    19 |    62 |    95 |   208 |   374 |   434 |   211 |    65 |    99 ||  1567
Block: Buckler           |       |       |       |       |    65 |       |       |       |       ||    65
       Shield            |       |       |       |       |    35 |   531 |   256 |    54 |       ||   876
       Reflection        |       |       |       |       |       |    58 |    20 |    27 |     9 ||   114
       Large shield      |       |       |       |       |       |       |       |    59 |   235 ||   294

Table legend:
 A = Spawn XP
 B = Non-spawn XP
 C = Spawn XP percentage of total XP
 D = Spawn monster count
 E = Non-spawn monster count
 F = Spawn count percentage of total count
 G = Total turns spent on level
                    A         B        C        D         E        F      G
               +---------+---------+-------+---------+---------+-------+---------
         Total |       0 | 1255289 |   0.0 |       0 |    2318 |   0.0 | 105988
               +---------+---------+-------+---------+---------+-------+---------
           D:1 |       0 |      56 |   0.0 |       0 |      29 |   0.0 |  1355
           D:2 |       0 |     211 |   0.0 |       0 |      41 |   0.0 |  1172
           D:3 |       0 |     151 |   0.0 |       0 |      19 |   0.0 |  1005
           D:4 |       0 |     288 |   0.0 |       0 |      17 |   0.0 |  1260
           D:5 |       0 |     961 |   0.0 |       0 |      25 |   0.0 |  1870
           D:6 |       0 |    1409 |   0.0 |       0 |      17 |   0.0 |  1853
           D:7 |       0 |    3203 |   0.0 |       0 |      31 |   0.0 |  2881
           D:8 |       0 |    2562 |   0.0 |       0 |      37 |   0.0 |  1511
           D:9 |       0 |    3064 |   0.0 |       0 |      25 |   0.0 |  2435
          D:10 |       0 |    7583 |   0.0 |       0 |      42 |   0.0 |  2157
          D:11 |       0 |   11580 |   0.0 |       0 |      55 |   0.0 |  3741
          D:12 |       0 |    7427 |   0.0 |       0 |      18 |   0.0 |  2644
          D:13 |       0 |    6054 |   0.0 |       0 |      32 |   0.0 |  2002
          D:14 |       0 |   31523 |   0.0 |       0 |      79 |   0.0 |  2884
          D:15 |       0 |   29748 |   0.0 |       0 |      61 |   0.0 |  3308
        Lair:1 |       0 |    4755 |   0.0 |       0 |      17 |   0.0 |  1506
        Lair:2 |       0 |   12694 |   0.0 |       0 |      54 |   0.0 |  3187
        Lair:3 |       0 |    6070 |   0.0 |       0 |      21 |   0.0 |  1108
        Lair:4 |       0 |    6825 |   0.0 |       0 |      26 |   0.0 |  1373
        Lair:5 |       0 |   14518 |   0.0 |       0 |      47 |   0.0 |  2571
        Lair:6 |       0 |   23252 |   0.0 |       0 |      60 |   0.0 |  2097
      Shoals:1 |       0 |   11464 |   0.0 |       0 |      29 |   0.0 |  1661
      Shoals:2 |       0 |   22134 |   0.0 |       0 |      29 |   0.0 |  2626
      Shoals:3 |       0 |   20274 |   0.0 |       0 |      41 |   0.0 |  2928
      Shoals:4 |       0 |   41275 |   0.0 |       0 |      66 |   0.0 |  3143
      Spider:1 |       0 |   22369 |   0.0 |       0 |      71 |   0.0 |  1557
      Spider:2 |       0 |   22728 |   0.0 |       0 |      75 |   0.0 |  2597
      Spider:3 |       0 |   13496 |   0.0 |       0 |      35 |   0.0 |  2188
      Spider:4 |       0 |   48732 |   0.0 |       0 |     101 |   0.0 |  3555
       Slime:1 |       0 |   12704 |   0.0 |       0 |      22 |   0.0 |   828
       Slime:2 |       0 |   32264 |   0.0 |       0 |      24 |   0.0 |  1001
       Slime:3 |       0 |   28552 |   0.0 |       0 |      32 |   0.0 |   778
       Slime:4 |       0 |   22326 |   0.0 |       0 |      41 |   0.0 |  1386
       Slime:5 |       0 |   47495 |   0.0 |       0 |      42 |   0.0 |  1738
         Orc:1 |       0 |    3613 |   0.0 |       0 |      45 |   0.0 |  1701
         Orc:2 |       0 |   11802 |   0.0 |       0 |      52 |   0.0 |  1365
         Elf:1 |       0 |   19655 |   0.0 |       0 |      35 |   0.0 |  1664
         Elf:2 |       0 |   45126 |   0.0 |       0 |      61 |   0.0 |  3070
         Elf:3 |       0 |   75193 |   0.0 |       0 |      69 |   0.0 |  2082
      Vaults:1 |       0 |   43380 |   0.0 |       0 |      69 |   0.0 |  2256
      Vaults:2 |       0 |   30561 |   0.0 |       0 |      40 |   0.0 |  3383
      Vaults:3 |       0 |   58906 |   0.0 |       0 |     109 |   0.0 |  2857
      Vaults:4 |       0 |   52979 |   0.0 |       0 |      71 |   0.0 |  1707
      Depths:1 |       0 |   27812 |   0.0 |       0 |      32 |   0.0 |  1946
      Depths:2 |       0 |   76600 |   0.0 |       0 |      79 |   0.0 |  2651
      Depths:3 |       0 |  100510 |   0.0 |       0 |     106 |   0.0 |  3676
      Depths:4 |       0 |   61015 |   0.0 |       0 |      71 |   0.0 |  2541
      Depths:5 |       0 |   78440 |   0.0 |       0 |      67 |   0.0 |  2826
         Zot:1 |       0 |   21227 |   0.0 |       0 |      15 |   0.0 |  1182
         Zot:2 |       0 |   28676 |   0.0 |       0 |      12 |   0.0 |   366
         Sewer |       0 |      47 |   0.0 |       0 |      24 |   0.0 |   513
               +---------+---------+-------+---------+---------+-------+---------
